 Dungeon Crawl Stone Soup version 0.28-a0-653-g7e9dba17c3 (webtiles) character file.

Game seed: 4588026992384146272

335 porpoise the Magician (level 6, -5/32 HPs)
             Began as a Deep Elf Conjurer on Oct 12, 2021.
             Succumbed to a scorpion's poison
             ... on level 5 of the Dungeon.
             The game lasted 00:08:34 (5378 turns).

porpoise the Magician (Deep Elf Conjurer)           Turns: 5378, Time: 00:08:35

Health: -5/32      AC:  3    Str:  5    XL:     6   Next: 28%
Magic:  8/17       EV: 12    Int: 24    God:
Gold:   142        SH:  0    Dex: 13    Spells: 7/18 levels left

rFire   . . .      SeeInvis .   b - +0 hunting sling
rCold   . . .      Faith    .   (no shield)
rNeg    . . .      Spirit   .   c - +0 robe
rPois   .          Reflect  .   t - +0 helmet
rElec   .          Harm     .   (no cloak)
rCorr   .          Rampage  .   (no gloves)
Will    .....                   (no boots)
Stlth   ++........              (no amulet)
HPRegen 0.10/turn               o - ring of flight
MPRegen 0.15/turn               (no ring)

@: lethally poisoned (-5 -> -37), flying
A: no striking features
a: no special abilities


You were on level 5 of the Dungeon.
You visited 1 branch of the dungeon, and saw 5 of its levels.

You collected 142 gold pieces.

Inventory:

Hand Weapons
 a - a +0 rapier
 b - a +0 hunting sling (weapon)
Missiles
 f - 9 poisoned darts
 h - 37 sling bullets (quivered ammo)
 n - 4 javelins
 s - 130 stones
Armour
 c - a +0 robe (worn)
 t - a +0 helmet (worn)
Jewellery
 o - a ring of flight (left hand)
Wands
 q - a wand of paralysis (5)
 r - a wand of charming (11)
Scrolls
 d - 5 scrolls of teleportation {unknown}
 j - a scroll of magic mapping {unknown}
 k - 2 scrolls of identify {unknown}
 l - a scroll of torment {unknown}
 p - a scroll of enchant weapon {unknown}
Potions
 e - a potion of curing {unknown}
 g - a potion of heal wounds {unknown}
 i - a potion of lignification {unknown}
 m - 3 potions of mutation {unknown}


   Skills:
 - Level 2.4 Dodging
 - Level 2.4 Stealth
 + Level 6.6 Spellcasting
 - Level 5.4 Conjurations
 + Level 4.3 Hexes


You had 7 spell levels left.
You knew the following spells:

 Your Spells              Type           Power      Damage    Failure   Level
a - Magic Dart            Conj           100%       1d8       1%          1
b - Searing Ray           Conj           68%        2d6       1%          2
c - Fulminant Prism       Conj/Hex       15%        3d11      10%         4
d - Iskenderun's Mystic   Conj/Tloc      21%        2d6       24%         4

Your spell library contained the following spells:

 Spells                   Type           Power      Damage    Failure   Level
 Dazzling Flash           Conj/Hex       62%        N/A       3%          3
 Animate Skeleton         Necr           14%        N/A       8%          1
 Pain                     Necr           28%        1d5       8%          1
 Vampiric Draining        Necr           3%         2d6       22%         3


Dungeon Overview and Level Annotations

Branches:
Dungeon (5/15)             Temple (0/1) D:5

Altars:
Okawaru


Message History

Press: ? - help, Shift-Dir - straight line, f - scorpion
Aim: a scorpion (81% to hit)
The searing ray misses the scorpion. (Press . to maintain the ray.)
The searing ray hits the scorpion.
The scorpion is lightly wounded.
The searing ray misses the scorpion.
The scorpion stings you.
The searing ray hits the scorpion.
The scorpion is heavily wounded.
You finish channelling your searing ray.
The scorpion stings you.
You are poisoned.
The scorpion poisons you! The scorpion stings you!
Casting: Searing Ray (safe; 1% risk of failure)
Confirm with . or Enter, or press ? or * to list all spells.
Aiming: Searing Ray (safe; 1% risk of failure)
Press: ? - help, Shift-Dir - straight line, f/p - scorpion
Aim: a scorpion (heavily wounded, 81% to hit)
The searing ray hits the scorpion but does no damage.
The scorpion is heavily wounded. (Press . to maintain the ray.)
You feel very sick. The scorpion stings you.
The searing ray hits the scorpion.
The scorpion is severely wounded.
You feel sick. The scorpion stings you.
You are lethally poisoned!
The scorpion poisons you!
The searing ray hits the scorpion.
The scorpion is almost dead.
* * * LOW HITPOINT WARNING * * *
You feel very sick. The scorpion stings you.
* * * LOW HITPOINT WARNING * * *
You are more poisoned.
The scorpion poisons you!
The searing ray hits the scorpion but does no damage.
The scorpion is almost dead.
You finish channelling your searing ray.
You die...

#...### #.....#
#####.P.P.##
#......>...
......P.P.
....... #..s#
#..@# #...# #...#
##.## ###†####
#......#
#.#.##.#######
..##.#..........#
.......<#........


You could see a scorpion.

Vanquished Creatures
  A water moccasin skeleton (D:4)
  A hound (D:4)
  An orc priest (D:4)
  An iguana (D:4)
  Natasha (twice) (D:3)
  A hound skeleton (D:4)
  5 gnolls
  A shadow imp (D:4)
  2 dart slugs
  8 orcs
  3 bats
  2 endoplasms
  2 giant cockroaches (D:3)
  4 goblins
  11 hobgoblins
  8 jackals
  3 kobolds
  4 quokkas
  7 ball pythons
  4 frilled lizards
  5 rats
76 creatures vanquished.

Notes
Turn   | Place    | Note
-------+----------+-------------------------------------------
     0 | D:1      | porpoise the Deep Elf Conjurer began the quest for the Orb.
     0 | D:1      | Reached XP level 1. HP: 10/10 MP: 6/6
   160 | D:1      | Reached XP level 2. HP: 15/15 MP: 1/8
   223 | D:1      | Learned a level 2 spell: Searing Ray
   441 | D:1      | Reached skill level 4 in Spellcasting
   635 | D:1      | Reached XP level 3. HP: 19/19 MP: 6/10
   641 | D:1      | Reached skill level 5 in Conjurations
   807 | D:1      | Noticed a floating eye
   810 | D:1      | Found a faded altar of an unknown god.
   812 | D:1      | Noticed an eye of devastation
   812 | D:1      | Noticed a shining eye
   812 | D:1      | Noticed an eye of devastation
  2196 | D:2      | Found an iron altar of Okawaru.
  2298 | D:3      | Noticed Natasha
  2305 | D:3      | Killed Natasha
  2306 | D:3      | Reached XP level 4. HP: 16/24 MP: 4/12
  2391 | D:3      | Learned a level 4 spell: Fulminant Prism
  2396 | D:3      | Learned a level 4 spell: Iskenderun's Mystic Blast
  2733 | D:3      | Noticed Natasha
  2742 | D:3      | Killed Natasha
  2743 | D:3      | Reached skill level 5 in Spellcasting
  2743 | D:3      | Reached skill level 1 in Hexes
  3651 | D:4      | Reached XP level 5. HP: 21/28 MP: 8/14
  4047 | D:4      | Reached skill level 6 in Spellcasting
  4655 | D:4      | Reached XP level 6. HP: 22/32 MP: 9/17
  5235 | D:5      | Entered Level 5 of the Dungeon
  5366 | D:5      | Found a staircase to the Ecumenical Temple.
  5377 | D:5      | HP: 1/32 [scorpion (4)]
  5378 | D:5      | Succumbed to a scorpion's poison

Illustrated notes

Levels and vault maps discovered:
D:1:      dpeg_arrival_simpleton_a, layout_basic,
          hellmonk_ecumenical_altar_watching_god, minivault_14
D:2:      layout_basic, basic_altar
D:3:      layout_basic, uniq_natasha
D:4:      layout_loops_ring, hex_large
D:5:      layout_loops_cross, minmay_temple_entry_trees, solitary_fountain,
          minmay_misc_feat_five, hangedman_minor_gate_pass

Skill      XL: |  1  2  3  4  5 |
---------------+----------------+-----
Spellcasting   | 4 5 6 |  6.6
Conjurations   | 5 |  5.4
Hexes          | 2 4 |  4.3
Dodging        | |  2.4
Stealth        | |  2.4

Action                   |  1- 3 |  4- 6 || total
-------------------------+-------+-------++-------
 Fire: Hunting sling     |       |    28 ||    28
 Cast: Magic Dart        |    39 |    25 ||    64
       Searing Ray       |     6 |    26 ||    32
Armor: Robe              |       |     2 ||     2
Dodge: Dodged            |     1 |     9 ||    10

Table legend: (Time is in decaauts)
 A = Elapsed time spent in this place.
 B = Non-inter-level travel time spent in this place.
 C = Inter-level travel time spent in this place.
 D = Time resting spent in this place.
 E = Time spent auto-exploring this place.
 F = Levels seen in this place.
 G = Mean time per level.
                   A        B        C        D        E       F      G
               +--------+--------+--------+--------+--------+-----+--------+
         Total |   5391 |   5262 |    129 |   2772 |   2047 |   5 | 1078.2 |
       Dungeon |   5391 |   5262 |    129 |   2772 |   2047 |   5 | 1078.2 |
               +--------+--------+--------+--------+--------+-----+--------+

Top non-repeatable levels by time:
     D:4: 1594 daAuts
     D:1: 1543 daAuts
     D:3: 1364 daAuts
     D:2: 746 daAuts
     D:5: 142 daAuts
